Map: Magma Mines

Players

Dragon

  • Race: Protoss Protoss

Axolotls

  • Race: Zerg Zerg
  • League: Platinum

Tenonee - Winner!

  • Race: Zerg Zerg
  • League: Diamond

IlIllIIlIIll - Winner!

  • Race: Terran Terran

VOD

Have the link to the VOD?

Description

Time

  • Played on: July 26, 2016, 12:11 p.m.
  • Length: 5:01
Show
View Real Time Build Order
Export as new Build Order

Dragon Protoss 

Build Orders: 1 Gate Expand 

Get SALT Encoding   

  12  0:02  Probe (Chrono Boost)  
  14  0:14  Probe (Chrono Boost)  
  14  0:18  Pylon  
  14  0:24  Probe (Chrono Boost)  
  15  0:37  Probe (Chrono Boost)  
  15  0:40  Gateway  
  16  0:47  Assimilator  
  16  0:50  Probe (Chrono Boost)  
  17  1:01  Probe (Chrono Boost)  
  18  1:12  Probe (Chrono Boost)  
  19  1:28  Nexus  
  19  1:38  Cybernetics Core  
  19  1:48  Assimilator  
  19  1:49  Probe (Chrono Boost)  
  20  1:55  Pylon  
  20  2:01  Probe (Chrono Boost)  
  21  2:08  Gateway  
  21  2:21  Gateway  
  21  2:30  Gateway  
  21  2:48  Mothership Core (Chrono Boost)  
  23  3:05  Probe (Chrono Boost)  
  23  3:13  Probe (Chrono Boost)  
  23  3:19  Assimilator  
  25  3:20  Adept x2  
  28  3:29  Pylon  
  28  3:32  Probe x2 (Chrono Boost)  
  30  3:39  Pylon  
  30  3:51  Adept  
  30  3:53  Adept  
  32  4:02  Probe (Chrono Boost)  
  36  4:03  Probe (Chrono Boost)  
  34  4:15  Probe x2 (Chrono Boost)  
  34  4:16  Forge  
  34  4:22  Adept  
  34  4:24  Adept  
  34  4:30  Probe (Chrono Boost)  
  34  4:31  Probe (Chrono Boost)  
Show
View Real Time Build Order
Export as new Build Order

Axolotls Zerg 

Build Orders: Hatch First 

Get SALT Encoding   

  12  0:01  Drone  
  13  0:09  Drone  
  14  0:20  Extractor  
  13  0:22  Drone, Extractor  
  13  0:23  Drone  
  13  0:28  Overlord  
  16  0:48  Drone x2  
  18  0:58  Drone  
  19  1:06  Hatchery  
  18  1:14  Spawning Pool  
  18  1:17  Extractor  
  16  1:19  Drone  
  16  1:22  Drone  
  18  1:28  Drone  
  19  1:38  Drone  
  20  1:51  Drone  
  21  1:59  Overlord  
  21  2:17  Queen  
  21  2:21  Metabolic Boost, Queen  
  25  2:28  Drone x4  
  29  2:33  Drone  
  30  2:39  Drone  
  30  2:42  Extractor  
  30  2:48  Drone  
  31  2:59  Zergling x4  
  33  3:09  Lair  
  33  3:15  Baneling Nest  
  32  3:24  Drone x4  
  32  3:26  Overlord x2  
  32  3:27  Overlord  
  34  3:50  Zergling x12  
  38  4:04  Zergling x14  
  44  4:18  Baneling  
  44  4:19  Baneling  
  44  4:27  Spire  
  43  4:33  Evolution Chamber, Drone x2  
  43  4:36  Evolution Chamber  
Show
View Real Time Build Order
Export as new Build Order

Tenonee Zerg - Winner!

Build Orders: Hatch First 

Get SALT Encoding   

  12  0:02  Drone  
  13  0:10  Drone  
  14  0:18  Overlord  
  14  0:36  Drone x2  
  14  0:38  Drone  
  18  0:56  Hatchery  
  16  1:02  Drone  
  17  1:07  Extractor  
  16  1:16  Spawning Pool  
  15  1:18  Drone  
  15  1:25  Drone  
  17  1:30  Drone  
  18  1:42  Drone  
  19  1:52  Drone  
  20  2:02  Overlord  
  20  2:07  Metabolic Boost  
  20  2:13  Queen  
  20  2:14  Queen  
  24  2:33  Drone x4  
  24  2:34  Drone  
  29  2:38  Overlord  
  29  2:51  Roach Warren  
  29  2:56  Overlord  
  28  2:58  Zergling x2  
  28  2:59  Zergling x4  
  31  3:11  Zergling x4  
  33  3:23  Zergling x10  
  38  3:27  Zergling x6  
  39  3:58  Zergling x8  
  39  3:59  Zergling x16  
  45  4:26  Drone x5  
  45  4:27  Drone  
  45  4:29  Extractor  
  45  4:31  Extractor x2  
  47  4:56  Hatchery  
Show
View Real Time Build Order
Export as new Build Order

IlIllIIlIIll Terran - Winner!

Build Orders:  

Get SALT Encoding   

  12  0:00  SCV  
  13  0:12  SCV  
  14  0:18  Supply Depot  
  14  0:25  SCV  
  15  0:30  Refinery  
  15  0:41  Barracks  
  15  0:45  SCV  
  16  0:57  SCV  
  17  1:09  SCV  
  18  1:11  Supply Depot  
  18  1:21  SCV  
  19  1:31  Reaper, Barracks  
  20  1:33  SCV  
  21  1:45  Orbital Command  
  21  1:59  Engineering Bay  
  21  2:15  Barracks Tech Lab  
  21  2:30  Barracks  
  21  2:31  Barracks x2  
  21  2:34  Stimpack  
  21  2:36  Marine  
  22  2:55  Marine x2  
  24  3:03  Supply Depot  
  24  3:04  SCV  
  25  3:09  Supply Depot  
  25  3:13  Marine x2  
  25  3:18  Marine  
  28  3:20  Marine  
  28  3:22  Marine  
  30  3:30  Marine  
  30  3:31  Marine  
  32  3:35  Bunker  
  32  3:36  Marine  
  32  3:41  Marine  
  34  3:49  Marine x3  
  37  3:57  Marine  
  37  3:58  Marine  
  39  4:07  Marine  
  40  4:11  Marine x2  
  40  4:15  Marine  
  43  4:23  Command Center  
  43  4:30  Marine  
  43  4:31  Marine  
Tags
 
Add a new tag
Caveats
  • Supply blocks, unpowered buildings, or Contaminate may cause inaccurate times.
  • Supply counts are checked every 10 seconds.